Map: Lost and Found LE

Players

Bronzemaster - Winner!

  • Race: Zerg Zerg
  • League: Master
  • Spawn Location: 1:00

tavo

  • Race: Terran Terran
  • League: Master
  • Spawn Location: 7:00

VOD

Have the link to the VOD?

Description

Time

  • Played on: Oct. 9, 2018, 2:22 p.m.
  • Length: 6:28
Show
View Real Time Build Order
Export as new Build Order

Bronzemaster Zerg - Winner!

Build Orders: Pool First 

Get SALT Encoding   

  12  0:01  Drone  
  13  0:13  Overlord  
  13  0:17  Drone  
  14  0:31  Drone  
  14  0:32  Drone  
  16  0:36  Drone  
  17  0:45  Spawning Pool  
  17  0:47  Drone  
  17  1:07  Hatchery  
  17  1:10  Drone  
  17  1:31  Queen  
  19  1:33  Zergling x6  
  22  1:49  Hatchery  
  22  1:53  Drone  
  22  2:00  Overlord  
  22  2:19  Queen x2  
  26  2:23  Drone x2  
  27  2:37  Drone x3  
  27  2:38  Drone  
  27  2:39  Drone  
  27  2:42  Drone  
  33  2:50  Overlord  
  33  3:02  Queen x2  
  36  3:09  Drone x3  
  36  3:10  Drone  
  40  3:16  Drone x2  
  42  3:22  Drone x4  
  46  3:27  Overlord  
  46  3:31  Overlord  
  46  3:34  Drone  
  46  3:35  Drone x2  
  46  3:38  Extractor  
  46  3:39  Extractor  
  46  3:40  Extractor  
  46  3:42  Extractor  
  45  3:55  Overlord  
  45  3:56  Drone  
  45  3:57  Drone x7  
  53  4:12  Overlord  
  53  4:13  Drone x2  
  53  4:16  Metabolic Boost  
  55  4:17  Drone x3  
  58  4:24  Drone  
  59  4:33  Lair  
  59  4:35  Evolution Chamber  
  59  4:36  Drone x3  
  59  4:37  Baneling Nest  
  59  4:38  Evolution Chamber, Zergling x8  
  63  4:48  Zergling x4  
  63  4:49  Zergling x8  
  69  5:00  Drone  
  69  5:03  Overlord x3  
  69  5:04  Overlord x2  
  69  5:14  Burrow  
  69  5:16  Pneumatized Carapace  
  69  5:34  Drone  
  70  5:35  Spire  
  70  5:39  Drone x2  
  70  5:40  Drone x4, Extractor x2  
  70  5:42  Drone x6  
  79  5:43  Drone  
  80  6:04  Zergling x2  
  80  6:05  Zergling x18  
  80  6:06  Overseer  
Show
View Real Time Build Order
Export as new Build Order

tavo Terran 

Build Orders:  

Get SALT Encoding   

  12  0:02  SCV  
  13  0:15  SCV  
  13  0:17  Supply Depot  
  14  0:28  SCV  
  15  0:29  Refinery  
  15  0:40  SCV  
  16  0:45  Barracks  
  16  0:54  SCV  
  17  1:06  SCV  
  18  1:18  SCV  
  19  1:32  Orbital Command  
  20  1:38  Marine  
  20  1:52  Command Center  
  20  1:56  Marine  
  20  2:00  Supply Depot  
  21  2:05  SCV  
  22  2:12  Barracks  
  22  2:16  Marine  
  22  2:22  SCV  
  24  2:26  Refinery  
  24  2:35  Marine  
  24  2:36  SCV  
  26  2:42  Supply Depot  
  26  2:49  SCV  
  27  2:54  Barracks Reactor  
  27  3:07  Barracks Tech Lab  
  27  3:08  Factory  
  27  3:11  SCV  
  28  3:23  SCV  
  29  3:27  Marine  
  29  3:28  Stimpack  
  30  3:35  Marine x2, SCV  
  30  3:40  Orbital Command  
  33  3:47  Marine, SCV  
  35  3:53  Marine x2  
  35  3:54  Starport  
  35  3:55  Factory Reactor  
  37  3:59  SCV  
  37  4:02  Supply Depot  
  38  4:04  Marine  
  38  4:09  SCV  
  40  4:12  SCV  
  41  4:17  Marine x2, Supply Depot  
  41  4:21  SCV  
  44  4:28  Marine  
  44  4:31  SCV  
  46  4:34  Supply Depot  
  46  4:39  Marine x2  
  46  4:41  SCV  
  49  4:53  Command Center  
  49  4:56  Supply Depot, Medivac x2  
  49  4:57  Widow Mine  
  55  5:00  Marine x3  
  55  5:01  SCV x2  
  60  5:13  SCV  
  61  5:18  SCV  
  61  5:19  Widow Mine  
  64  5:24  Marine x3  
  67  5:32  Medivac x2  
  71  5:42  Marine  
  72  5:43  Factory Tech Lab  
  72  5:44  Marine  
  72  5:45  Marine  
  72  5:46  SCV  
  72  5:47  SCV  
  72  5:49  Engineering Bay x2  
  76  5:51  Armory  
  76  5:55  Barracks x2  
  76  5:59  SCV x2  
  78  6:11  SCV x2  
Tags
 
Add a new tag
Caveats
  • Supply blocks, unpowered buildings, or Contaminate may cause inaccurate times.
  • Supply counts are checked every 10 seconds.